 Dungeon Crawl Stone Soup version 0.31-a0-175-g9f7f995f2b (webtiles) character file.

Game seed: 10519213799096066522

9810 Borgoz the Basher (level 11, -2/71 HPs)
             Began as a Gargoyle Berserker on June 16, 2023.
             Was a High Priest of Trog.
             Slain by Erolcha
             ... wielding a +0 giant club
              (28 damage)
             ... on level 10 of the Dungeon.
             The game lasted 00:28:21 (9963 turns).

Borgoz the Basher (Gargoyle Berserker)              Turns: 9963, Time: 00:28:21

Health: -2/71      AC: 27    Str: 21    XL:     11   Next: 52%
Magic:  11/11      EV: 11    Int:  8    God:    Trog [*****.]
Gold:   290        SH:  6    Dex: 19    Spells: 10/10 levels left

rFire   . . .        a - +0 morningstar (vamp)
rCold   . . .        M - +0 buckler
rNeg    + . .        v - +0 chain mail
rPois   ∞            k - +2 hat
rElec   +            K - +0 cloak
rCorr   +            J - +0 pair of gloves
SInv    .            d - +2 pair of boots
Will    .....        (no amulet) Stlth
                     B - +6 ring of dexterity
HPRegen 0.31/turn    G - ring of resist corrosion
MPRegen 0.12/turn

%: no passive effects
@: on berserk cooldown, slowed, invisible, very slow
A: sickness immunity, AC +8, negative energy resistance 1, electricity
resistance, torment resistance 1, petrification resistance
a: Renounce Religion, Berserk, Trog's Hand, Brothers in Arms


You were on level 10 of the Dungeon.
You worshipped Trog.
Trog was extremely pleased with you.
You visited 2 branches of the dungeon, and saw 11 of its levels.
You also visited: Ossuary.

You collected 674 gold pieces.
You spent 384 gold pieces at shops.

Inventory:

Hand Weapons
 a - a +0 vampiric morningstar (weapon)
 b - a +2 flail of protection
 x - a +4 flail
 O - a +3 antimagic dire flail
Missiles
 l - 13 throwing nets (quivered)
 s - 2 curare-tipped darts
 t - 23 poisoned darts
Armour
 d - a +2 pair of boots (worn)
 k - a +2 hat (worn)
 v - a +0 chain mail (worn)
 H - a +0 kite shield
 J - a +0 pair of gloves (worn)
 K - a +0 cloak (worn)
 M - a +0 buckler (worn)
Magical Staves
 o - the staff of death "Kesy" {rElec rN+ Will+ Int+4 Stlth+}
   (You found it on level 4 of the Dungeon)

   [staff of death]

   Base accuracy: +5 Base damage: 5 Base attack delay: 1.2 This weapon's minimum
   attack delay (0.6) is reached at skill level 12.
   Int:       It affects your intelligence (+4).
   rElec:     It insulates you from electricity.
   rN:        It protects you from negative energy.
   Will:      It increases your willpower.
   Stlth:     It makes you more stealthy.
   It falls into the 'Staves' category.
   It is a one-handed weapon.
   Trog disapproves of the use of such an item.
Jewellery
 y - a ring of fire
 B - a +6 ring of dexterity (left hand)
 G - a ring of resist corrosion (right hand)
Wands
 m - a wand of light (4)
 A - a wand of charming (12)
 I - a wand of polymorph (20)
 L - a wand of roots (7)
 N - a wand of digging (7)
 P - a wand of flame (7)
Scrolls
 f - 2 scrolls of fog
 j - 3 scrolls of teleportation
 p - a scroll of blinking
 r - a scroll of poison {unknown}
 E - 3 scrolls of revelation
Potions
 c - a potion of resistance
 e - a potion of cancellation
 g - 15 potions of curing
 h - 2 potions of haste
 i - 2 potions of heal wounds
 n - 2 potions of brilliance {unknown}
 q - a potion of ambrosia {unknown}
 u - a potion of magic {unknown}
 w - 2 potions of enlightenment
 C - a potion of mutation
 D - a potion of degeneration {unknown}
 F - 2 potions of attraction


   Skills:
 * Level 9.0 Fighting
 * Level 9.7 Maces & Flails
 + Level 2.3 Throwing
 * Level 8.6 Armour
 * Level 6.4 Dodging
 - Level 3.0 Stealth
 * Level 4.2 Shields
 + Level 4.9 Evocations


You had 10 spell levels left.
You didn't know any spells.
Your spell library was empty.

Dungeon Overview and Level Annotations

Branches:
Dungeon (10/15)            Temple (1/1) D:4            Lair (0/5) D:10
Ossuary (visited)
    Orc: D:9-12

Altars:
Ashenzari
Cheibriados
Dithmenos
Elyvilon
Fedhas
Gozag
Hepliaklqana
Kikubaaqudgha
Makhleb
Nemelex Xobeh
Okawaru
Qazlal
Ru
Sif Muna
Trog
Uskayaw
Vehumet
Wu Jian
Xom
Yredelemnul
Zin
The Shining One

Shops:
D:5 =   D:7 :[==?

Annotations:
D:10 Erolcha


Innate Abilities, Weirdness & Mutations

You are immune to sickness and miasma.
Your stone body is resilient. (AC +8)
You are immune to poison.
You resist negative energy. (rN+)
You are resistant to electric shocks. (rElec)
You are resistant to unholy torment.
You are immune to petrification.


Message History

The fireball explodes!
The fireball engulfs you!! Erolcha hits you but does no damage.
A red film seems to cover your vision as you go berserk!
You feel yourself moving faster!
You feel mighty! Erolcha hits you but does no damage.
You barely miss Erolcha. You sock Erolcha!
You feel better.
Erolcha is lightly wounded.
Erolcha screams, "Erolcha kill you!"
Erolcha mumbles some strange words.
Erolcha blinks!
You feel a strong urge to attack something.
Erolcha drinks a potion.
Erolcha flickers and vanishes!
Deactivating autopickup; reactivate with Ctrl-A.
You puncture something!
You feel better.
You are no longer berserk.
You are exhausted.
You feel yourself slow down.
You miss something. Something hits you!
Your skin crawls.
You feel strong-willed. Something hits you.
You closely miss something.
You hear some strange, mumbled words.
Something hits you!
You feel the effects of Trog's Hand fading.
You start resting.
Something hits you but does no damage.
You miss something.
Your skin stops crawling.
You feel less strong-willed. Something hits you!!
* * * LOW HITPOINT WARNING * * *
Something hits you but does no damage.
You feel much better. Something hits you but does no damage.
You fade into invisibility!
You hear some strange, mumbled words.
Something tries to affect you, but you resist.
You closely miss something. Something hits you!!
* * * LOW HITPOINT WARNING * * *
You feel much better. Something hits you!!
You die...

... .. ..##
..>..#...... ###.
.......... #..
......... # #.#
#........
#.####.#####.#.....#
#..@{.....##.#.....#
######.##.##........
#........###.##
####.##....._..
#.....#.#.#.
####.#.##.#.
##.###... ### ###.
#.


There were no monsters in sight!

Vanquished Creatures
  Harold (D:9)
  A two-headed ogre (D:10)
  Pikel (D:8)
  Maurice (D:8)
  2 hornets
  2 wyverns
  9 yaks
  A wraith (Ossuary)
  A steam dragon (D:8)
  Edmund (D:5)
  A water moccasin (D:7)
  4 orc warriors
  5 black bears
  An ice beast (D:6)
  3 centaurs
  5 ogres
  A lemure (D:8)
  A phantom (D:6)
  3 kobold brigands
  4 gnoll sergeants
  8 bullfrogs
  A scorpion (D:7)
  7 wights
  8 electric eels
  A howler monkey (D:4)
  10 hounds
  4 jellies
  5 gnoll boudas
  6 orc priests
  Jessica (D:3)
  Terence (D:3)
  5 iguanas
  13 orc wizards
  A mummy (Ossuary)
  45 gnolls
  6 adders
  A shadow imp (D:6)
  2 white imps
  2 ufetubi
  A dart slug (D:1)
  37 orcs
  6 endoplasms
  3 giant cockroaches (D:3)
  18 goblins
  14 hobgoblins
  18 jackals
  4 quokkas
  5 ball pythons
  3 bats
  3 frilled lizards (D:1)
  10 gnoll skeletons (Ossuary)
  38 kobolds
  2 kobold skeletons (Ossuary)
  13 orc skeletons (Ossuary)
  6 rats
356 creatures vanquished.

Notes
Turn   | Place    | Note
-------+----------+-------------------------------------------
     0 | D:1      | Borgoz the Gargoyle Berserker began the quest for the Orb.
     0 | D:1      | Reached XP level 1. HP: 14/14 MP: 1/1
   199 | D:1      | Reached XP level 2. HP: 19/19 MP: 2/2
   507 | D:1      | Reached XP level 3. HP: 23/23 MP: 3/3
   951 | D:2      | Found a faded altar of an unknown god.
  1458 | D:3      | Noticed Jessica
  1466 | D:3      | Killed Jessica
  1467 | D:3      | Reached XP level 4. HP: 29/29 MP: 4/4
  1506 | D:3      | Reached ** piety under Trog
  1730 | D:3      | Noticed Terence
  1737 | D:3      | Killed Terence
  1805 | D:3      | Reached XP level 5. HP: 33/33 MP: 5/5
  1948 | D:3      | Found a radiant altar of Vehumet.
  2024 | D:3      | Noticed an ogre
  2060 | D:3      | Killed an ogre
  2118 | D:3      | Reached XP level 6. HP: 34/39 MP: 6/6
  2346 | D:4      | Reached *** piety under Trog
  2435 | D:4      | Identified the staff of death "Kesy" {rElec rN+ Will+ Int+4
                  | Stlth+}
  2438 | D:4      | Found a staircase to the Ecumenical Temple.
  2465 | Temple   | Entered the Ecumenical Temple
  2697 | D:4      | Reached skill level 5 in Fighting
  2697 | D:4      | Reached XP level 7. HP: 36/44 MP: 7/7
  2802 | D:4      | Found a shimmering altar of Xom.
  2930 | D:4      | Found a broken altar of Ashenzari.
  3334 | D:4      | Reached skill level 5 in Maces & Flails
  3517 | D:4      | Reached skill level 1 in Evocations
  3681 | D:5      | Entered Level 5 of the Dungeon
  3687 | D:5      | Noticed Edmund
  3705 | D:5      | Killed Edmund
  3706 | D:5      | Reached skill level 5 in Armour
  3732 | D:5      | Found Xeefulud's Jewellery Boutique.
  3817 | D:5      | Reached XP level 8. HP: 50/50 MP: 8/8
  4071 | D:5      | Reached **** piety under Trog
  5061 | D:6      | Reached XP level 9. HP: 42/56 MP: 9/9
  5909 | D:7      | Found Muam's Jewellery Boutique.
  5959 | D:7      | Found a sand-covered staircase.
  6052 | D:7      | Found Zicka's Jewellery Shop.
  6055 | D:7      | Bought a +6 ring of dexterity for 360 gold pieces
  6076 | D:7      | Reached skill level 5 in Dodging
  6154 | Ossuary  | Entered an ossuary
  6214 | Ossuary  | Reached ***** piety under Trog
  6407 | D:7      | Found Usa Jiy's Book Shop.
  6465 | D:7      | Reached XP level 10. HP: 61/63 MP: 10/10
  6596 | D:7      | Received a gift from Trog
  6599 | D:7      | Found Weuremic's Magic Scroll Boutique.
  6607 | D:7      | Bought a scroll of identify for 24 gold pieces
  6681 | D:7      | Found Mun Gami's Antique Armour Boutique.
  7212 | D:8      | Noticed Pikel
  7230 | D:8      | Killed Pikel
  7231 | D:8      | Reached skill level 1 in Shields
  7330 | D:8      | Reached skill level 1 in Stealth
  7508 | D:8      | Noticed Maurice
  7530 | D:8      | Killed Maurice
  7531 | D:8      | Reached skill level 1 in Throwing
  7595 | D:8      | Found a burning altar of Makhleb.
  7655 | D:8      | Found a blossoming altar of Fedhas.
  8451 | D:8      | Reached XP level 11. HP: 69/69 MP: 11/11
  8893 | D:9      | Noticed Harold
  8928 | D:9      | Received a gift from Trog
  8939 | D:9      | Killed Harold
  9265 | D:9      | Found a hazy altar of Hepliaklqana.
  9359 | D:10     | Entered Level 10 of the Dungeon
  9619 | D:10     | Found a staircase to the Lair.
  9663 | D:10     | Noticed a two-headed ogre
  9686 | D:10     | Killed a two-headed ogre
  9915 | D:10     | Found a white marble altar of Elyvilon.
  9939 | D:10     | Noticed Erolcha
  9963 | D:10     | Slain by Erolcha

Illustrated notes

Levels and vault maps discovered:
D:1:      dpeg_arrival_morbid_curiosity, layout_basic
D:2:      layout_basic, shapermc_ecumenical_altar_venn, feat_on_display
D:3:      layout_basic, mainiacjoe_overflow_surrounded_room,
          minmay_ogre_servants, uniq_jessica, uniq_terence
D:4:      kennysheep_kobold_camp, layout_basic, cheibrodos_ashenzari_chains,
          nicolae_overflow_crystal_walls, minmay_temple_entry_arrows,
          serial_rivers, chequers_serial_rivers_small_a,
          chequers_serial_rivers_marsh, chequers_serial_rivers_micro_a,
          chequers_serial_rivers_micro_d, chequers_serial_rivers_micro_b,
          chequers_serial_rivers_small_a, minmay_bent
D:5:      layout_basic, serial_shops, nicolae_shop_statue_plus, uniq_edmund
D:6:      layout_gridville, serial_bayou, serial_bayou_crossing,
          serial_bayou_pond_a, serial_bayou_pond_c, serial_bayou_lagoon_a
D:7:      layout_cave_pools, serial_shops, shop_statue,
          nicolae_shop_tiny_real_fake_doors, kennysheep_little_box, shop, shop,
          nicolae_ossuary_entry_ruins, minmay_between
D:8:      layout_basic, mainiacjoe_overflow_catwalk_spiral, minmay_misc_feat_x,
          uniq_maurice, uniq_pikel
D:9:      layout_cross, kennysheep_mini, serial_gnoll_camp,
          gnoll_camp_mini_loothouse, gnoll_camp_mini_doghouse,
          gnoll_camp_mini_basic, gnoll_camp_mini_doghouse, gnoll_camp_huts_moat,
          gnoll_camp_mini_hut, minivault_23, roderic_roman_lattice, uniq_harold
D:10:     layout_loops_cross, lemuel_crystal_altar, lair_entry_dummy,
          uniq_erolcha
Temple:   bh_familiar_temple

Skill      XL: |  1  2  3  4  5  6  7  8  9 10 11 |
---------------+----------------------------------+-----
Dodging        | 2 3 4 5 6 |  6.4
Armour         | 3 4 5 6 8 |  8.6
Fighting       | 4 5 6 7 8 9 |  9.0
Maces & Flails | 4 5 6 8 9 |  9.7
Evocations     | 1 2 4 |  4.9
Shields        | 2 4 |  4.2
Stealth        | 2 3 |  3.0
Throwing       | 1 2 |  2.3

Action                     |  1- 3 |  4- 6 |  7- 9 | 10-12 || total
---------------------------+-------+-------+-------+-------++-------
  Melee: Mace              |   101 |    34 |       |       ||   135
         Punch             |     1 |     3 |     4 |       ||     8
         Morningstar       |       |   147 |   131 |   498 ||   776
         Flail             |       |       |   359 |    34 ||   393
  Throw: Dart              |       |       |     5 |    24 ||    29
         Throwing net      |       |       |       |     5 ||     5
 Invoke: Berserk           |     4 |     4 |     3 |     8 ||    19
         Trog's Hand       |       |     2 |       |     4 ||     6
  Evoke: Wand              |       |       |       |     1 ||     1
    Use: Scroll            |     5 |     1 |     9 |     8 ||    23
         Potion            |       |       |       |     6 ||     6
   Stab: Held in net/web   |       |       |       |     2 ||     2
         Invisible         |       |       |       |     1 ||     1
 Armour: Animal skin       |    39 |       |       |       ||    39
         Ring mail         |     5 |   130 |   101 |       ||   236
         Chain mail        |       |       |   247 |   379 ||   626
  Dodge: Dodged            |    62 |   178 |   294 |   315 ||   849
  Block: Kite shield       |       |       |       |   124 ||   124
         Buckler           |       |       |       |    63 ||    63

Table legend: (Time is in decaauts)
 A = Elapsed time spent in this place.
 B = Non-inter-level travel time spent in this place.
 C = Inter-level travel time spent in this place.
 D = Time resting spent in this place.
 E = Time spent auto-exploring this place.
 F = Levels seen in this place.
 G = Mean time per level.
                   A        B        C        D        E       F      G
               +--------+--------+--------+--------+--------+-----+--------+
         Total |  10296 |   9887 |    409 |   1019 |   5809 |  12 |  858.0 |
       Dungeon |   9895 |   9500 |    395 |   1019 |   5552 |  10 |  989.5 |
        Temple |    173 |    159 |     14 |      0 |    157 |   1 |  173.0 |
       Ossuary |    227 |    227 |      0 |      0 |    100 |   1 |  227.0 |
               +--------+--------+--------+--------+--------+-----+--------+

Top non-repeatable levels by time:
     D:8: 1479 daAuts
     D:4: 1306 daAuts
     D:5: 1165 daAuts
     D:9: 1124 daAuts
     D:6: 1105 daAuts
     D:3: 988 daAuts
     D:1: 908 daAuts
     D:7: 707 daAuts
    D:10: 622 daAuts
     D:2: 486 daAuts
 Ossuary: 227 daAuts
  Temple: 173 daAuts
